 Dungeon Crawl Stone Soup version 0.23-a0-677-g07611c5 (webtiles) character file.

1220 gruber the Charmwright (level 8, 0/64 HPs)
             Began as a Gnoll Skald on Jan 9, 2019.
             Succumbed to a killer bee's poison
             ... on level 7 of the Dungeon.
             The game lasted 00:07:27 (3978 turns).

gruber the Charmwright (Gnoll Skald)                Turns: 3978, Time: 00:07:28

Health: 0/64       AC:  6    Str: 14    XL:     8   Next: 47%
Magic:  12/17      EV: 15    Int: 17    God:
Gold:   184        SH:  5    Dex: 15    Spells: 10/19 levels left

rFire    . . .     SeeInvis .   a - +0 spear
rCold    . . .     Gourm    .   k - +0 buckler
rNeg     . . .     Faith    .   b - +0 leather armour
rPois    .         Spirit   .   (no helmet)
rElec    .         Reflect  .   (no cloak)
rCorr    .         Harm     .   e - +2 pair of gloves
MR       .....                  (no boots)
Stlth    ++........             c - amulet of the acrobat
HPRegen  0.20/turn              (no ring)
MPRegen  0.15/turn              (no ring)

@: lethally poisoned (0 -> -4)
A: distributed training, fangs 1, strong nose
a: no special abilities


You were on level 7 of the Dungeon.
You were very hungry.

You visited 1 branch of the dungeon, and saw 6 of its levels.
You also visited: Sewer.

You collected 184 gold pieces.

Inventory:

Hand Weapons
 a - a +0 spear (weapon)
 r - a +0 quarterstaff of protection
Armour
 b - a +0 leather armour (worn)
 e - a +2 pair of gloves (worn)
 k - a +0 buckler (worn)
Jewellery
 c - an amulet of the acrobat (around neck)
 v - an uncursed amulet of the gourmand {unknown}
Scrolls
 f - a scroll of teleportation {unknown}
 h - a scroll of remove curse {unknown}
 m - 2 scrolls of magic mapping {unknown}
 s - a scroll of random uselessness {unknown}
 t - 2 scrolls of identify {unknown}
Potions
 g - a potion of mutation {unknown}
 i - a potion of flight {unknown}
 j - a potion of haste {unknown}
 l - a potion of ambrosia {unknown}
 n - a potion of curing {unknown}
 o - a potion of cancellation {unknown}
 p - a potion of degeneration {unknown}
 q - a potion of brilliance {unknown}
 u - a potion of might {unknown}
 w - a potion of agility {unknown}
Comestibles
 d - 2 rations


   Skills:
 + Level 5.6 Fighting
 + Level 3.2 Short Blades
 + Level 3.2 Long Blades
 + Level 3.2 Axes
 + Level 3.2 Maces & Flails
 + Level 5.6 Polearms
 + Level 3.2 Staves
 + Level 3.2 Slings
 + Level 3.2 Bows
 + Level 3.2 Crossbows
 + Level 3.2 Throwing
 + Level 4.2 Armour
 + Level 5.6 Dodging
 + Level 3.2 Stealth
 + Level 3.2 Shields
 + Level 3.2 Unarmed Combat
 + Level 6.0 Spellcasting
 + Level 2.6 Conjurations
 + Level 2.6 Hexes
 + Level 6.1 Charms
 + Level 2.6 Summonings
 + Level 2.6 Necromancy
 + Level 2.6 Translocations
 + Level 2.6 Transmutations
 + Level 2.6 Fire Magic
 + Level 2.6 Ice Magic
 + Level 2.6 Air Magic
 + Level 2.6 Earth Magic
 + Level 2.6 Poison Magic
 + Level 3.5 Invocations
 + Level 3.2 Evocations


You had 10 spell levels left.
You knew the following spells:

 Your Spells              Type           Power        Failure   Level  Hunger
a - Infusion              Chrm           ####         1%          1    None
b - Shroud of Golubria    Chrm/Tloc      ###.......   4%          2    None
c - Regeneration          Chrm/Necr      ###.......   9%          3    ##.....
d - Spectral Weapon       Hex/Chrm       ###.....     9%          3    ##.....

Your spell library contained the following spells:

 Spells                   Type           Power        Failure   Level  Hunger
 Song of Slaying          Chrm           ####....     2%          2    None


Dungeon Overview and Level Annotations

Branches:
Dungeon (7/15)
 Temple: D:4-7

Altars:
Qazlal
Ru


Innate Abilities, Weirdness & Mutations

Your experience applies equally to all skills.
You have very sharp teeth.
Your uncanny sense of smell can sniff out nearby items.


Message History

Your spectral weapon barely misses the killer bee.
The killer bee barely misses you.
Unknown command.
Attack whom?
Press: ? - help, Dir - move target cursor, f/p - killer bee
Aim: a killer bee (heavily wounded)
You hit the killer bee but do no damage.
Your bite misses the killer bee.
The killer bee is heavily wounded.
Your spectral weapon barely misses the killer bee.
The killer bee stings you.
* * * LOW HITPOINT WARNING * * *
The killer bee closely misses you.
Unknown command.
Attack whom?
Press: ? - help, Dir - move target cursor, f/p - killer bee
Aim: a killer bee (heavily wounded)
You hit the killer bee but do no damage.
The killer bee is heavily wounded.
You die...

.. .. #. .. .##.
.#. ... ... ##.##
#.# # #.... #.# .
#.#....##.####....
#........(@y......
##.....#####.####
#.....#
#.....#########
#.............#
#############.#
#.# #.# #.#


You could see a killer bee and a friendly spectral +0 spear.

Vanquished Creatures
  An orc warrior (D:6)
  A black bear (D:7)
  An ice beast (D:6)
  A sky beast (D:6)
  A centaur (D:7)
  3 bullfrogs
  4 killer bees (D:7)
  A howler monkey (D:6)
  A crimson imp (D:6)
  An orc priest (D:6)
  A bullfrog skeleton (D:6)
  An iguana (D:4)
  A worker ant (D:6)
  A hound zombie (D:6)
  10 adders
  4 gnolls (D:2)
  An adder skeleton (D:6)
  A worm (D:2)
  A dart slug (D:1)
  2 leopard geckos (Sewer)
  3 orcs (D:6)
  6 ball pythons
  7 giant cockroaches
  5 goblins
  8 hobgoblins
  2 jackals (D:2)
  A quokka (D:2)
  7 bats
  15 frilled lizards
  3 kobolds
  A quokka zombie (D:6)
  11 rats
107 creatures vanquished.

Vanquished Creatures (others)
  A spectral weapon (D:6)
1 creature vanquished.

Grand Total: 108 creatures vanquished

Notes
Turn   | Place    | Note
-------+----------+-------------------------------------------
     0 | D:1      | gruber the Gnoll Skald began the quest for the Orb.
     0 | D:1      | Reached XP level 1. HP: 20/20 MP: 6/6
   268 | D:1      | Reached XP level 2. HP: 26/26 MP: 7/7
   286 | D:1      | Learned a level 2 spell: Shroud of Golubria
   621 | D:2      | Reached skill level 5 in Spellcasting
   621 | D:2      | Reached XP level 3. HP: 28/31 MP: 4/9
   626 | D:2      | Learned a level 3 spell: Regeneration
   630 | D:2      | Learned a level 3 spell: Spectral Weapon
   755 | D:2      | Reached skill level 1 in Invocations
   761 | D:2      | Found a sacrificial altar of Ru.
   826 | D:2      | Reached skill level 1 in Short Blades
   826 | D:2      | Reached skill level 1 in Long Blades
   826 | D:2      | Reached skill level 1 in Axes
   826 | D:2      | Reached skill level 1 in Maces & Flails
   826 | D:2      | Reached skill level 1 in Staves
   826 | D:2      | Reached skill level 1 in Slings
   826 | D:2      | Reached skill level 1 in Bows
   826 | D:2      | Reached skill level 1 in Crossbows
   826 | D:2      | Reached skill level 1 in Throwing
   826 | D:2      | Reached skill level 1 in Stealth
   826 | D:2      | Reached skill level 1 in Shields
   826 | D:2      | Reached skill level 1 in Unarmed Combat
   826 | D:2      | Reached skill level 1 in Evocations
   831 | D:2      | Reached XP level 4. HP: 38/38 MP: 1/11
   976 | D:2      | Reached skill level 1 in Conjurations
   976 | D:2      | Reached skill level 1 in Hexes
   976 | D:2      | Reached skill level 1 in Summonings
   976 | D:2      | Reached skill level 1 in Necromancy
   976 | D:2      | Reached skill level 1 in Translocations
   976 | D:2      | Reached skill level 1 in Transmutations
   976 | D:2      | Reached skill level 1 in Fire Magic
   976 | D:2      | Reached skill level 1 in Ice Magic
   976 | D:2      | Reached skill level 1 in Air Magic
   976 | D:2      | Reached skill level 1 in Earth Magic
   976 | D:2      | Reached skill level 1 in Poison Magic
  1195 | D:2      | Reached XP level 5. HP: 38/43 MP: 12/12
  1690 | D:3      | Found a glowing drain.
  1699 | Sewer    | Entered a sewer
  1947 | Sewer    | Reached XP level 6. HP: 44/50 MP: 6/13
  1951 | Sewer    | Reached skill level 5 in Fighting
  1951 | Sewer    | Reached skill level 5 in Polearms
  1951 | Sewer    | Reached skill level 5 in Dodging
  2734 | D:4      | You fall through a shaft for 2 floors!
  2784 | D:6      | Reached XP level 7. HP: 56/56 MP: 15/15
  3226 | D:6      | Found a stormy altar of Qazlal.
  3667 | D:6      | Reached XP level 8. HP: 53/63 MP: 4/16
  3977 | D:7      | HP: 1/64 [killer bee (4)]
  3978 | D:7      | Succumbed to a killer bee's poison

Vault maps used:
D:1:      scummos_arrival_forest
D:2:      nicolae_ru_awakened_eye, minmay_pentomino_r4
D:3:      wander_river, portal_sewer_entry_d, minmay_checkerbox
D:4:      tgw_sif, uniq_edmund
D:6:      marbit_many_paths, serial_park_tiny_pond, grunt_decor_one_mirror,
          serial_bayou_pond_e
D:7:      chequers_temple_overflow_statue_of_worship, kennysheep_mini_moat,
          kennysheep_mini, minmay_temple_entry_enclosed_plants
Sewer:    sewer_frog_island_01

Skill      XL: |  1  2  3  4  5  6  7  8 |
---------------+-------------------------+-----
Spellcasting   | 5 6 |  6.0
Invocations    | 1 2 3 |  3.5
Short Blades   | 1 2 3 |  3.2
Long Blades    | 1 2 3 |  3.2
Axes           | 1 2 3 |  3.2
Maces & Flails | 1 2 3 |  3.2
Staves         | 1 2 3 |  3.2
Slings         | 1 2 3 |  3.2
Bows           | 1 2 3 |  3.2
Crossbows      | 1 2 3 |  3.2
Throwing       | 1 2 3 |  3.2
Stealth        | 1 2 3 |  3.2
Shields        | 1 2 3 |  3.2
Unarmed Combat | 1 2 3 |  3.2
Evocations     | 1 2 3 |  3.2
Conjurations   | 1 2 |  2.6
Hexes          | 1 2 |  2.6
Summonings     | 1 2 |  2.6
Necromancy     | 1 2 |  2.6
Translocations | 1 2 |  2.6
Transmutations | 1 2 |  2.6
Fire Magic     | 1 2 |  2.6
Ice Magic      | 1 2 |  2.6
Air Magic      | 1 2 |  2.6
Earth Magic    | 1 2 |  2.6
Poison Magic   | 1 2 |  2.6
Armour         | 3 4 |  4.2
Fighting       | 5 |  5.6
Polearms       | 5 |  5.6
Dodging        | 5 |  5.6
Charms         | 6 |  6.1

Action                   |  1- 3 |  4- 6 |  7- 9 || total
-------------------------+-------+-------+-------++-------
Melee: Spear             |    88 |   165 |   150 ||   403
       Bite              |    11 |    16 |    14 ||    41
       Quarterstaff      |       |    29 |       ||    29
 Cast: Infusion          |     5 |     8 |     1 ||    14
       Spectral Weapon   |       |     6 |    12 ||    18
       Regeneration      |       |     1 |     3 ||     4
       Shroud of Golubri |       |       |     2 ||     2
  Use: Potion            |       |       |     1 ||     1
 Stab: Sleeping          |     2 |     4 |     2 ||     8
       Distracted        |       |       |     1 ||     1
  Eat: Chunk             |       |     5 |     6 ||    11
Armor: Leather armour    |    17 |    41 |    26 ||    84
Dodge: Dodged            |    50 |   106 |    89 ||   245
Block: Buckler           |       |    19 |    20 ||    39

Table legend:
 A = Non-vault XP
 B = Vault XP
 C = Vault XP percentage of total XP
 D = Non-vault monster count
 E = Vault monster count
 F = Vault count percentage of total count
                 A         B        C        D         E       F
            +---------+---------+-------+---------+---------+-------
      Total |    1421 |     322 |  18.5 |      77 |      30 |  28.0
            +---------+---------+-------+---------+---------+-------
        D:1 |      24 |       0 |   0.0 |      15 |       0 |   0.0
        D:2 |     148 |      17 |  10.3 |      31 |       4 |  11.4
        D:3 |      26 |      42 |  61.8 |      10 |       5 |  33.3
        D:4 |      39 |       0 |   0.0 |       1 |       0 |   0.0
        D:6 |     696 |      33 |   4.5 |      14 |       1 |   6.7
        D:7 |     488 |       0 |   0.0 |       6 |       0 |   0.0
      Sewer |       0 |     230 | 100.0 |       0 |      20 | 100.0
            +---------+---------+-------+---------+---------+-------
